Minoru, lawful male human Samurai .-------. ..*........ ......<@.`.. .)....%G%.... ....%.%..(.... ............. ....(..%..(. --.%..)...- --------- Minoru the Ninja Experience level: 7 Strength: 18/01 Dexterity: 15 Constitution: 18 Intelligence: 9 Wisdom: 8 Charisma: 7 Health: 0(68) Energy: 24(24) Def: 9 Gold: 25 Moves: 2892 Dungeon seed: E_Q4rqglnSW6jYOt Game ID: Minoru_1563639941 Your Inventory: Coins $ - 25 gold pieces Weapons a - an uncursed rusty +0 katana (weapon in hand) b - an uncursed +0 wakizashi c - an uncursed +0 yumi d - 40 uncursed +0 ya h - an uncursed +0 orcish dagger named noncursed (alternate weapon; not wielded) x - 12 blessed +1 arrows (in quiver) F - 4 uncursed +0 arrows K - 50 cursed +0 arrows L - an uncursed +2 arrow Armor e - an uncursed rustproof +0 splint mail (being worn) n - an uncursed +0 orcish helm named noncursed (being worn) z - an uncursed +0 dwarvish cloak (being worn) G - an uncursed +0 pair of high boots (being worn) Comestibles i - 4 uncursed gunyoki Scrolls I - an uncursed scroll of create monster J - a cursed scroll of identify Spellbooks f - a blessed spellbook of levitation Potions g - an uncursed potion of gain ability l - a blessed potion of healing B - an uncursed potion of blindness Tools s - 35 uncursed tallow candles (0:200) t - an uncursed magic harp (0:4) w - 5 blessed tallow candles (0:200) H - a blessed brass lantern (lit) (0:730) M - 2 cursed tallow candles (0:200) N - an uncursed credit card Gems q - 3 uncursed worthless pieces of white glass r - an uncursed turquoise stone Spells and supernatural/magical abilities: Name Level Category Fail Memory W - pray for help -- divine ? -- Your skills at the end: Fighting Skills martial arts [Basic] Weapon Skills short sword [Basic] long sword [Skilled] bow [Basic] Spellcasting Skills Final Attributes: You were piously aligned. You were telepathic. You were fast. You are dead. Vanquished creatures: 4 wolves a gnome king an orc mummy 2 housecats a gnome mummy a rock piercer a yellow light a shrieker 10 gnome lords 6 gnomish wizards a black naga hatchling a straw golem a giant ant a little dog a floating eye 2 dwarves a kobold lord an orc zombie a wererat an iguana a hobbit 3 giant rats a cave spider 42 gnomes 2 jackals 4 goblins 3 grid bugs a bat 4 lichens a newt 101 creatures vanquished. Voluntary challenges: You had been an atheist until turn 2012. You used a wielded weapon 144 times, starting on turn 3. You were illiterate. You never genocided any monsters. You never polymorphed an object. You never changed form. You used no wishes. You never split a pudding. You never wrote Elbereth's name. You never violated your personal moral code. Dungeon overview: The Dungeons of Doom: levels 1 to 3 Level 1 an altar to Susanowo a long staircase Level 2 a fountain stairs to The Gnomish Mines Level 3 The Gnomish Mines: levels 3 to 11 Level 3 stairs to The Dungeons of Doom Level 4 Level 5 a hardware shop, a temple to Raijin, some fountains Level 6 Level 7 Level 11 <- You were here History has recorded: On T:1 you entered the Dungeons of Doom to retrieve the Amulet of Yendor! On T:185 you reached level 2 of The Dungeons of Doom. On T:269 you advanced to experience level 2. On T:344 you reached level 1 of The Gnomish Mines. On T:519 you reached level 3 of The Dungeons of Doom. On T:668 you advanced to experience level 3. On T:731 you advanced to experience level 4. On T:1016 you reached level 2 of The Gnomish Mines. On T:1023 you advanced to experience level 5. On T:1199 you reached level 3 of The Gnomish Mines. On T:1516 you advanced to experience level 6. On T:1792 you reached level 4 of The Gnomish Mines. On T:2412 you advanced to experience level 7. On T:2722 you reached level 5 of The Gnomish Mines. On T:2828 you reached level 9 of The Gnomish Mines. Score breakdown: Gold: 25 ( 4813 points) Experience: 7 levels (13645 points) Exploration: 11 levels ( 22.45%) (13693 points) Discoveries: 3 items ( 1.22%) ( 3312 points) Valuables value: (no points given unless you survive) Artifact value: 0 ( 0 points) Variety of kills: 30 monsters ( 7.87%) ( 8418 points) Turncount: 2892 turns ( -545 points) Survival: died (score multiplied by 80%) Total score: 34668 Latest messages: You see here a dagger. You miss the gnomish wizard. The air crackles around the gnomish wizard. You hit the gnomish wizard. The gnomish wizard points at you, then curses. You hit the gnomish wizard! You miss the gnomish wizard. The gnomish wizard points at you, then curses. You hit the gnomish wizard. The gnomish wizard points at you, then curses. You kill the gnomish wizard! You see here a dagger. There are a few objects here. The gnome wields a crossbow! You see here a candle. The gnome wields a dagger! You kill the gnome! There are several objects here. The gnome lord wields a dagger! The gnome hits! You kill the gnome! You see here a giant rat corpse. You hit the gnome lord! (2x) The gnome lord thrusts his dagger. The gnome lord hits! You die... Final status: Sayonara Minoru the Samurai, killed by a gnome lord... You died in The Gnomish Mines on dungeon level 11 with 34668 points, and 25 pieces of gold, after 2892 moves. You were level 7 with a maximum of 68 hit points when you died.